[ AOE2 MATCH · #476580655 ]
1v1 RMKhmer vs Khmer
Player's team · LOSS
Rival team · WIN
[ REPLAY ANALYSIS · EXTRACTED FROM THE RECORDED GAME ]
Feudal
11:19
Castle
17:02
Imperial
32:02
| APM avg | 21.3 |
| APM peak | 74 |
| eAPM avg | 14.6 |
| Villagers / military | 163 / 385 |
Focus
⚔️ 26.2% · 🌾 73.8%
Spearman ×297 · Mangonel ×69 · Battle Elephant ×17 · Monk ×2
Feudal
—
Castle
—
Imperial
—
| APM avg | 43.8 |
| APM peak | 101 |
| eAPM avg | 23.1 |
| Villagers / military | 187 / 242 |
Focus
⚔️ 37.8% · 🌾 62.2%
Scout Cavalry ×115 · Scorpion ×113 · Trebuchet (Packed) ×11 · Ballista Elephant ×3
Match map
Resources at game start + every placement click. Thick line = wall · dashed box = detected house wall. 🟡 gold · ⚪ stone · 🟢 berries · 🔶 boar · ⭕ relic
Inputs per minute
— bjoern4tel - - Jorgeee9209
Build order — bjoern4tel
First 150 of 436 actions detected
| 0:01 | Create | Villager (Male) |
| 0:01 | Create | Villager (Male) |
| 0:03 | Build | House |
| 0:05 | Build | House |
| 0:06 | Create | Villager (Male) |
| 0:06 | Create | Villager (Male) |
| 1:25 | Create | Villager (Male) |
| 1:47 | Build | Lumber Camp |
| 1:51 | Create | Villager (Male) |
| 2:28 | Create | Villager (Male) |
| 2:56 | Create | Villager (Male) |
| 3:41 | Build | House |
| 3:44 | Create | Villager (Male) |
| 3:55 | Build | Mill |
| 4:06 | Create | Villager (Male) |
| 4:07 | Create | Villager (Male) |
| 4:58 | Create | Villager (Male) |
| 5:43 | Create | Villager (Male) |
| 5:43 | Create | Villager (Male) |
| 6:02 | Create | Villager (Male) |
| 6:16 | Build | House |
| 7:02 | Create | Villager (Male) |
| 7:16 | Create | Villager (Male) |
| 7:49 | Create | Villager (Male) |
| 8:16 | Create | Villager (Male) |
| 8:24 | Build | Lumber Camp |
| 8:44 | Create | Villager (Male) |
| 8:56 | Research | Feudal Age |
| 9:05 | Build | House |
| 9:28 | Build | Farm |
| 9:28 | Build | Farm |
| 9:29 | Build | Farm |
| 9:31 | Build | Farm |
| 9:52 | Build | Mining Camp |
| 10:09 | Build | House |
| 10:15 | Create | Villager (Male) |
| 10:44 | Create | Villager (Male) |
| 11:19 | Age | Feudal Age |
| 11:23 | Create | Villager (Male) |
| 11:36 | Research | Double-Bit Axe |
| 11:41 | Research | Horse Collar |
| 11:50 | Create | Villager (Male) |
| 11:54 | Build | Farm |
| 12:13 | Create | Villager (Male) |
| 12:37 | Build | Farm |
| 12:39 | Create | Villager (Male) |
| 13:04 | Create | Villager (Male) |
| 13:12 | Build | Farm |
| 13:44 | Build | Farm |
| 13:49 | Create | Villager (Male) |
| 13:58 | Build | Blacksmith |
| 14:06 | Build | Farm |
| 14:12 | Build | Farm |
| 14:17 | Build | Farm |
| 14:21 | Research | Castle Age |
| 14:32 | Create | Villager (Male) |
| 15:03 | Build | Barracks |
| 15:06 | Build | House |
| 15:07 | Build | House |
| 15:16 | Build | House |
| 15:17 | Build | House |
| 15:19 | Build | House |
| 15:21 | Build | House |
| 15:26 | Create | Villager (Male) |
| 16:16 | Create | Villager (Male) |
| 16:36 | Research | Fletching |
| 16:45 | Research | Scale Mail Armor |
| 16:55 | Build | Barracks |
| 16:57 | Build | Barracks |
| 17:02 | Age | Castle Age |
| 17:19 | Create | Villager (Male) |
| 17:42 | Build | Town Center |
| 17:44 | Create | Villager (Male) |
| 17:45 | Create | Villager (Male) |
| 18:01 | Create | Spearman |
| 18:02 | Create | Spearman |
| 18:09 | Create | Villager (Male) |
| 18:28 | Create | Villager (Male) |
| 18:53 | Create | Villager (Male) |
| 18:57 | Create | Villager (Male) |
| 18:57 | Create | Villager (Male) |
| 18:58 | Create | Villager (Male) |
| 18:58 | Create | Villager (Male) |
| 19:09 | Build | Monastery |
| 19:13 | Create | Villager (Male) |
| 19:34 | Research | Chain Mail Armor |
| 19:37 | Create | Villager (Male) |
| 19:42 | Research | Bow Saw |
| 19:50 | Create | Villager (Male) |
| 19:56 | Research | Heavy Plow |
| 19:58 | Create | Villager (Male) |
| 20:10 | Create | Villager (Male) |
| 20:32 | Create | Villager (Male) |
| 20:32 | Create | Villager (Male) |
| 20:39 | Build | House |
| 20:41 | Build | House |
| 20:42 | Build | House |
| 20:44 | Build | House |
| 20:58 | Create | Villager (Male) |
| 21:11 | Build | Market |
| 21:19 | Research | Pikeman (upgrade) |
| 21:55 | Build | Town Center |
| 21:59 | Create | Villager (Male) |
| 21:59 | Create | Villager (Male) |
| 22:00 | Create | Monk |
| 22:01 | Create | Monk |
| 22:06 | Create | Villager (Male) |
| 22:10 | Build | Farm |
| 22:13 | Build | Farm |
| 22:18 | Build | Farm |
| 22:20 | Create | Villager (Male) |
| 22:24 | Create | Villager (Male) |
| 22:39 | Build | Farm |
| 23:10 | Create | Villager (Male) |
| 23:11 | Create | Villager (Male) |
| 23:11 | Create | Villager (Male) |
| 23:12 | Create | Villager (Male) |
| 23:17 | Create | Villager (Male) |
| 23:21 | Build | Farm |
| 23:25 | Build | Farm |
| 23:27 | Create | Villager (Male) |
| 24:13 | Create | Villager (Male) |
| 24:14 | Create | Villager (Male) |
| 24:14 | Create | Villager (Male) |
| 24:25 | Research | Wheelbarrow |
| 24:29 | Create | Villager (Male) |
| 24:34 | Create | Villager (Male) |
| 24:34 | Create | Villager (Male) |
| 24:48 | Build | Siege Workshop |
| 24:51 | Build | Siege Workshop |
| 25:00 | Create | Villager (Male) |
| 25:01 | Create | Villager (Male) |
| 25:03 | Create | Villager (Male) |
| 25:16 | Build | Farm |
| 25:20 | Build | Farm |
| 25:23 | Build | Farm |
| 25:26 | Create | Villager (Male) |
| 25:40 | Build | University |
| 25:46 | Create | Villager (Male) |
| 25:47 | Create | Villager (Male) |
| 25:48 | Create | Villager (Male) |
| 25:48 | Create | Villager (Male) |
| 25:54 | Build | Farm |
| 26:03 | Create | Villager (Male) |
| 26:04 | Create | Villager (Male) |
| 26:09 | Build | Farm |
| 26:25 | Create | Villager (Male) |
| 26:31 | Create | Villager (Male) |
| 26:42 | Create | Villager (Male) |
| 26:42 | Create | Villager (Male) |
Build order — Jorgeee9209
First 150 of 552 actions detected
| 0:01 | Create | Villager (Male) |
| 0:01 | Create | Villager (Male) |
| 0:01 | Create | Villager (Male) |
| 0:02 | Create | Villager (Male) |
| 0:02 | Create | Villager (Male) |
| 0:02 | Create | Villager (Male) |
| 0:03 | Build | House |
| 0:05 | Build | House |
| 0:06 | Build | House |
| 0:09 | Build | House |
| 1:34 | Create | Villager (Male) |
| 1:35 | Create | Villager (Male) |
| 2:04 | Create | Villager (Male) |
| 2:05 | Create | Villager (Male) |
| 2:05 | Create | Villager (Male) |
| 2:33 | Create | Villager (Male) |
| 2:33 | Create | Villager (Male) |
| 2:43 | Create | Villager (Male) |
| 2:43 | Create | Villager (Male) |
| 3:09 | Create | Villager (Male) |
| 3:10 | Create | Villager (Male) |
| 3:10 | Create | Villager (Male) |
| 3:42 | Create | Villager (Male) |
| 3:42 | Create | Villager (Male) |
| 3:43 | Create | Villager (Male) |
| 3:54 | Create | Villager (Male) |
| 3:55 | Create | Villager (Male) |
| 3:55 | Create | Villager (Male) |
| 4:13 | Create | Villager (Male) |
| 4:13 | Create | Villager (Male) |
| 4:26 | Create | Villager (Male) |
| 4:27 | Create | Villager (Male) |
| 4:34 | Create | Villager (Male) |
| 4:34 | Create | Villager (Male) |
| 4:35 | Create | Villager (Male) |
| 5:41 | Create | Villager (Male) |
| 5:41 | Create | Villager (Male) |
| 6:00 | Build | Lumber Camp |
| 7:28 | Research | Feudal Age |
| 7:52 | Build | House |
| 8:40 | Build | Mill |
| 8:55 | Create | Villager (Male) |
| 8:55 | Create | Villager (Male) |
| 9:57 | Create | Villager (Male) |
| 10:31 | Build | Farm |
| 10:34 | Build | Farm |
| 10:45 | Build | Farm |
| 10:48 | Create | Villager (Male) |
| 10:57 | Build | Farm |
| 11:01 | Build | Farm |
| 11:05 | Create | Villager (Male) |
| 11:53 | Research | Castle Age |
| 11:54 | Research | Castle Age |
| 12:02 | Build | Mining Camp |
| 12:28 | Build | House |
| 12:49 | Research | Double-Bit Axe |
| 13:14 | Research | Wheelbarrow |
| 13:46 | Research | Stone Mining |
| 13:46 | Research | Stone Mining |
| 13:54 | Create | Villager (Male) |
| 13:55 | Create | Villager (Male) |
| 14:56 | Research | Horse Collar |
| 15:52 | Create | Villager (Male) |
| 15:52 | Create | Villager (Male) |
| 16:00 | Build | Castle |
| 16:16 | Build | House |
| 16:18 | Build | House |
| 16:55 | Build | Town Center |
| 17:12 | Research | Gold Mining |
| 17:13 | Research | Gold Mining |
| 17:18 | Create | Villager (Male) |
| 17:19 | Create | Villager (Male) |
| 17:19 | Create | Villager (Male) |
| 17:57 | Research | Hand Cart |
| 18:20 | Create | Villager (Male) |
| 18:21 | Create | Villager (Male) |
| 18:21 | Create | Villager (Male) |
| 18:21 | Create | Villager (Male) |
| 18:26 | Create | Villager (Male) |
| 18:33 | Build | Farm |
| 18:38 | Build | Farm |
| 18:45 | Build | Farm |
| 18:54 | Create | Villager (Male) |
| 18:54 | Create | Villager (Male) |
| 18:55 | Create | Villager (Male) |
| 19:13 | Create | Villager (Male) |
| 19:13 | Create | Villager (Male) |
| 20:04 | Research | Bow Saw |
| 20:04 | Research | Bow Saw |
| 20:04 | Research | Bow Saw |
| 20:22 | Create | Villager (Male) |
| 20:22 | Create | Villager (Male) |
| 20:23 | Create | Villager (Male) |
| 20:38 | Create | Villager (Male) |
| 20:38 | Create | Villager (Male) |
| 20:55 | Create | Villager (Male) |
| 20:56 | Create | Villager (Male) |
| 20:56 | Create | Villager (Male) |
| 21:16 | Build | Castle |
| 21:17 | Create | Villager (Male) |
| 21:18 | Create | Villager (Male) |
| 21:27 | Create | Villager (Male) |
| 21:27 | Create | Villager (Male) |
| 21:27 | Create | Villager (Male) |
| 21:43 | Create | Villager (Male) |
| 21:43 | Create | Villager (Male) |
| 21:43 | Create | Villager (Male) |
| 21:49 | Build | Town Center |
| 21:56 | Build | Farm |
| 21:59 | Build | Farm |
| 21:59 | Create | Villager (Male) |
| 21:59 | Create | Villager (Male) |
| 22:13 | Create | Villager (Male) |
| 22:13 | Create | Villager (Male) |
| 22:28 | Create | Villager (Male) |
| 22:28 | Create | Villager (Male) |
| 22:40 | Create | Villager (Male) |
| 22:40 | Create | Villager (Male) |
| 22:57 | Create | Villager (Male) |
| 22:57 | Create | Villager (Male) |
| 23:03 | Build | Farm |
| 23:06 | Build | Farm |
| 23:06 | Create | Villager (Male) |
| 23:07 | Create | Villager (Male) |
| 23:07 | Create | Villager (Male) |
| 23:15 | Build | Siege Workshop |
| 23:17 | Create | Villager (Male) |
| 23:18 | Create | Villager (Male) |
| 23:18 | Create | Villager (Male) |
| 23:28 | Create | Villager (Male) |
| 23:29 | Create | Villager (Male) |
| 23:39 | Create | Villager (Male) |
| 23:39 | Create | Villager (Male) |
| 23:44 | Build | Farm |
| 23:48 | Build | Farm |
| 23:49 | Create | Villager (Male) |
| 23:49 | Create | Villager (Male) |
| 23:49 | Create | Villager (Male) |
| 24:00 | Build | Farm |
| 24:03 | Build | Farm |
| 24:03 | Create | Villager (Male) |
| 24:04 | Create | Villager (Male) |
| 24:15 | Build | University |
| 24:17 | Build | House |
| 24:23 | Build | House |
| 24:25 | Create | Villager (Male) |
| 24:25 | Create | Villager (Male) |
| 24:25 | Create | Villager (Male) |
| 24:26 | Create | Villager (Male) |
| 24:31 | Create | Villager (Male) |
Match timeline
| 11:19 | bjoern4tel · age_up feudal |
| 15:03 | bjoern4tel · first_building Barracks |
| 16:00 | Jorgeee9209 · first_building Castle |
| 17:02 | bjoern4tel · age_up castle |
| 19:09 | bjoern4tel · first_building Monastery |
| 23:15 | Jorgeee9209 · first_building Siege Workshop |
| 24:48 | bjoern4tel · first_building Siege Workshop |
| 27:31 | Jorgeee9209 · first_market_buy 100 food |
| 28:42 | bjoern4tel · first_market_buy 100 food |
| 29:46 | Jorgeee9209 · first_building Stable |
| 31:09 | bjoern4tel · first_building Stable |
| 32:02 | bjoern4tel · age_up imperial |
| 38:06 | bjoern4tel · first_building Castle |
| 43:44 | bjoern4tel · first_market_sell 100 stone |
| 46:40 | Jorgeee9209 · first_market_sell 100 wood |
| 52:44 | bjoern4tel · resign |
[ AI ANALYSIS · 1 CREDIT ]
What really happened in this match?
Wolo.gg analyzes every decision: build order, eco, micro, common mistakes by bracket. Personalized analysis on WhatsApp or Discord in 30 seconds.
Civ guide
Khmer
Map guide
Arena
Perfil
bjoern4tel